 Dungeon Crawl Stone Soup version 0.31-a0-150-g89dc3ad700 (webtiles) character file.

Game seed: 8176091774121766613

213 qw the Shooter (level 5, -2/33 HPs)
             Began as a Gargoyle Hunter on June 8, 2023.
             Slain by an orc warrior
             ... wielding a +0 hand axe
              (9 damage)
             ... on level 3 of the Dungeon.
             The game lasted 00:01:02 (1760 turns).

qw the Shooter (Gargoyle Hunter)                    Turns: 1760, Time: 00:01:03

Health: -2/33      AC: 11    Str: 15    XL:     5   Next: 90%
Magic:  0/5        EV: 11    Int:  9    God:
Gold:   122        SH:  0    Dex: 15    Spells: 4/4 levels left

rFire   . . .        Y - +1 shortbow
rCold   . . .        (shield currently unavailable)
rNeg    + . .        i - +0 ring mail
rPois   inf          (no helmet)
rElec   +            a - +0 cloak
rCorr   .            (no gloves)
SInv    .            d - +0 pair of boots
Will    .....        b - amulet of guardian spirit
Stlth   +            (no ring)
HPRegen 0.25/turn    (no ring)
MPRegen 0.09/turn

%: guardian spirit
@: about to teleport
A: sickness immunity, AC +4, negative energy resistance 1, electricity
resistance, torment resistance 1, petrification resistance
a: no special abilities


You were on level 3 of the Dungeon.
You visited 1 branch of the dungeon, and saw 3 of its levels.

You collected 122 gold pieces.


Innate Abilities, Weirdness & Mutations

You are immune to sickness and miasma.
Your stone body is resilient. (AC +4)
You are immune to poison.
You resist negative energy. (rN+)
You are resistant to electric shocks. (rElec)
You are resistant to unholy torment.
You are immune to petrification.


   Skills:
 - Level 4.0 Fighting
 + Level 6.0 Ranged Weapons
 - Level 1.0 Armour
 - Level 1.5 Dodging
 - Level 1.1 Stealth


You had 4 spell levels left.
You didn't know any spells.
Your spell library was empty.

Inventory:

Hand Weapons
 Y - a +1 shortbow (weapon)
Armour
 a - a +0 cloak (worn)
 d - a +0 pair of boots (worn)
 i - a +0 ring mail (worn)
Jewellery
 b - an amulet of guardian spirit (around neck)
Scrolls
 g - a scroll of identify
 h - a scroll of teleportation
Potions
 c - a potion of might {unknown}
 j - a potion of resistance

Dungeon Overview and Level Annotations

Branches:
Dungeon (3/15)

Altars:
Kikubaaqudgha
Trog


Message History

The arrow hits the orc warrior but does no damage.
The orc warrior hits you but does no damage.
You shoot an arrow. The arrow hits the orc warrior.
The orc warrior is lightly wounded.
The orc warrior hits you with a +0 hand axe!
You shoot an arrow.
The arrow hits the orc warrior but does no damage.
The orc warrior is lightly wounded.
The orc warrior hits you with a +0 hand axe.
You shoot an arrow.
The arrow hits the orc warrior but does no damage.
The orc warrior is lightly wounded.
The orc warrior hits you with a +0 hand axe.
You shoot an arrow.
The arrow closely misses the orc warrior.
The orc warrior hits you with a +0 hand axe.
The orc warrior hits you but does no damage.
You shoot an arrow.
The arrow hits the orc warrior but does no damage.
The orc warrior is lightly wounded.
The orc warrior hits you with a +0 hand axe.
You shoot an arrow. The arrow hits the orc warrior.
The orc warrior is moderately wounded.
The orc warrior barely misses you.
You shoot an arrow.
The arrow hits the orc warrior but does no damage.
The orc warrior is moderately wounded.
The orc warrior hits you but does no damage.
You shoot an arrow. The arrow hits the orc warrior.
The orc warrior is moderately wounded.
The orc warrior hits you with a +0 hand axe.
1759 ||| READING 2 scrolls of teleportation.
As you read the scroll of teleportation, it crumbles to dust.
You feel strangely unstable.
The orc warrior hits you but does no damage.
You shoot an arrow. The arrow hits the orc warrior.
The orc warrior is heavily wounded.
The orc warrior closely misses you.
The orc warrior hits you with a +0 hand axe!
You die...

########## #.#
#......[..
.....##########.........
.......@..##............
......o.................
........................
........................
...%................<...
..)......).........)###.
....................###.
.....................)..
.................#..)..


You could see an orc warrior.

Vanquished Creatures
  2 orc priests (D:3)
  Terence (D:3)
  3 gnolls (D:3)
  2 dart slugs
  2 orcs (D:3)
  4 ball pythons
  5 bats
  9 endoplasms
  7 giant cockroaches
  6 goblins
  11 hobgoblins
  12 jackals (D:1)
  A quokka (D:3)
  10 frilled lizards
  4 kobolds
  9 rats
88 creatures vanquished.

Notes
Turn   | Place    | Note
-------+----------+-------------------------------------------
     0 | D:1      | qw the Gargoyle Hunter began the quest for the Orb.
     0 | D:1      | Reached XP level 1. HP: 12/12 MP: 1/1
     0 | D:1      | 0 ||| qw: Version: 0.2-a-119-g7aa9181
     0 | D:1      | 0 ||| qw: Game counter: 2914
     0 | D:1      | 0 ||| qw: Always use a shield: true
     0 | D:1      | 0 ||| qw: God list: Okawaru
     0 | D:1      | 0 ||| qw: Allow faded altars: false
     0 | D:1      | 0 ||| qw: Do Orc after D:15 true
     0 | D:1      | 0 ||| qw: Do second Lair branch before Depths: true
     0 | D:1      | 0 ||| qw: Lair rune preference: random
     0 | D:1      | 0 ||| qw: Plans: Normal
     0 | D:1      | 0 ||| PLANNING D:1-11
    38 | D:1      | Reached XP level 2. HP: 15/17 MP: 2/2
   267 | D:1      | Reached XP level 3. HP: 21/21 MP: 3/3
   267 | D:1      | 267 ||| READING scroll labelled POTWISU UBBIN.
   274 | D:1      | Reached skill level 5 in Ranged Weapons
   278 | D:1      | 278 ||| FLEEEEING.
   538 | D:1      | Reached skill level 3 in Fighting
   632 | D:1      | 632 ||| FLEEEEING.
   770 | D:1      | 770 ||| UPGRADING to +0 pair of boots.
   775 | D:1      | 775 ||| READING scroll labelled KAEMOI REITUU.
   776 | D:1      | 776 ||| READING scroll labelled LEQITR UGEIMUIMUJA.
   780 | D:1      | 780 ||| DROPPING scroll of butterflies.
   806 | D:2      | Reached XP level 4. HP: 28/28 MP: 4/4
  1019 | D:2      | Found a faded altar of an unknown god.
  1244 | D:2      | 1244 ||| UPGRADING to +0 ring mail.
  1254 | D:2      | 1254 ||| DROPPING +0 leather armour.
  1255 | D:2      | 1255 ||| READING scroll labelled EROHI HITYESO.
  1256 | D:2      | 1256 ||| READING scroll labelled XAEGRA PAEKKUR.
  1257 | D:2      | 1257 ||| READING scroll labelled HETSASITUB.
  1258 | D:2      | 1258 ||| READING scroll labelled TIUCRO AL GAKH.
  1259 | D:2      | 1259 ||| READING 2 scrolls of identify.
  1259 | D:2      | 1259 ||| IDENTIFYING sapphire potion
  1295 | D:3      | Reached skill level 1 in Armour
  1367 | D:3      | Reached XP level 5. HP: 32/32 MP: 5/5
  1433 | D:3      | Found an ancient bone altar of Kikubaaqudgha.
  1450 | D:3      | Noticed Terence
  1464 | D:3      | Killed Terence
  1532 | D:3      | Reached skill level 6 in Ranged Weapons
  1534 | D:3      | Found a bloodstained altar of Trog.
  1656 | D:3      | Noticed an orc warrior
  1657 | D:3      | 1657 ||| FLEEEEING.
  1666 | D:3      | 1666 ||| FLEEEEING.
  1671 | D:3      | 1671 ||| FLEEEEING.
  1672 | D:3      | 1672 ||| FLEEEEING.
  1673 | D:3      | 1673 ||| FLEEEEING.
  1674 | D:3      | 1674 ||| FLEEEEING.
  1675 | D:3      | 1675 ||| FLEEEEING.
  1676 | D:3      | 1676 ||| FLEEEEING.
  1677 | D:3      | 1677 ||| FLEEEEING.
  1678 | D:3      | 1678 ||| FLEEEEING.
  1679 | D:3      | 1679 ||| FLEEEEING.
  1680 | D:3      | 1680 ||| FLEEEEING.
  1681 | D:3      | 1681 ||| FLEEEEING.
  1682 | D:3      | 1682 ||| FLEEEEING.
  1683 | D:3      | 1683 ||| FLEEEEING.
  1684 | D:3      | 1684 ||| FLEEEEING.
  1688 | D:3      | 1688 ||| STAIRDANCE
  1709 | D:2      | 1709 ||| UPGRADING to +0 cloak.
  1714 | D:2      | 1714 ||| UPGRADING to amulet of guardian spirit.
  1758 | D:3      | HP: 6/33 [orc warrior/+0 hand axe (5)]
  1759 | D:3      | 1759 ||| READING 2 scrolls of teleportation.
  1760 | D:3      | Slain by an orc warrior

Levels and vault maps discovered:
D:1:      dpeg_arrival_pits, layout_loops_ring, minmay_surrounded
D:2:      layout_basic, hellmonk_ecumenical_altar_slurped_away
D:3:      minmay_evil_eye, layout_rooms, kiku_gazebo_garden_becter,
          trog_antimagical, nicolae_concentric_dashed_squares_wild,
          minmay_goblin_kobold_house, uniq_terence

Skill      XL: |  1  2  3  4  5 |
---------------+----------------+-----
Ranged Weapons | 5 6 |  6.0
Fighting       | 3 4 |  4.0
Armour         | 1 |  1.0
Dodging        | |  1.5
Stealth        | |  1.1

Action                     |  1- 3 |  4- 6 || total
---------------------------+-------+-------++-------
   Fire: Shortbow          |   108 |   111 ||   219
    Use: Scroll            |     3 |     6 ||     9
 Armour: Leather armour    |    10 |     1 ||    11
         Ring mail         |       |    17 ||    17
  Dodge: Dodged            |    37 |    14 ||    51

Table legend:
 A = Non-vault XP
 B = Vault XP
 C = Vault XP percentage of total XP
 D = Non-vault monster count
 E = Vault monster count
 F = Vault count percentage of total count
                 A         B        C        D         E       F
            +---------+---------+-------+---------+---------+-------
      Total |     251 |      54 |  17.7 |      76 |      12 |  13.6
            +---------+---------+-------+---------+---------+-------
        D:1 |      72 |       7 |   8.9 |      39 |       4 |   9.3
        D:2 |      30 |       2 |   6.2 |      18 |       1 |   5.3
        D:3 |     149 |      45 |  23.2 |      19 |       7 |  26.9
            +---------+---------+-------+---------+---------+-------
